 Dungeon Crawl Stone Soup version 0.25.1-2-g60ff931df9 (webtiles) character file.

Game seed: 13872774549744366644

515 Revguard the Slasher (level 7, 0/54 HPs)
             Began as a Human Fighter on Oct 17, 2020.
             Slain by an ogre
             ... wielding a +0 giant club
              (7 damage)
             ... on level 4 of the Dungeon.
             The game lasted 00:12:20 (5331 turns).

Revguard the Slasher (Human Fighter)                Turns: 5331, Time: 00:12:20

Health: 0/54       AC: 14    Str: 18    XL:     7   Next: 44%
Magic:  7/7        EV:  5    Int:  9    God:
Gold:   193        SH: 10    Dex: 12    Spells: 6/6 levels left

rFire    . . .     SeeInvis .   a - +0 long sword
rCold    . . .     Gourm    .   c - +1 kite shield
rNeg     . . .     Faith    .   j - +0 chain mail
rPois    .         Spirit   .   (no helmet)
rElec    .         Reflect  .   d - +2 cloak
rCorr    .         Harm     .   (no gloves)
MR       .....                  m - +0 pair of boots
Stlth    ..........             (no amulet)
HPRegen  0.18/turn              (no ring)
MPRegen  0.10/turn              (no ring)

@: no status effects
A: no striking features
a: no special abilities


You were on level 4 of the Dungeon.
You were not hungry.

You visited 1 branch of the dungeon, and saw 4 of its levels.

You collected 193 gold pieces.

Inventory:

Hand Weapons
 a - a +0 long sword (weapon)
Missiles
 i - 8 javelins (quivered)
Armour
 c - a +1 kite shield (worn)
 d - a +2 cloak (worn)
 g - a +0 plate armour
 j - a +0 chain mail (worn)
 m - a +0 pair of boots (worn)
Jewellery
 e - an uncursed ring of flight
Scrolls
 h - a scroll of remove curse
 k - 3 scrolls of identify
 l - a scroll of fog
Comestibles
 b - 5 chunks of flesh
 f - 3 rations


   Skills:
 + Level 4.0 Fighting
 + Level 4.9 Long Blades
 + Level 0.5 Throwing
 + Level 4.6 Armour
 + Level 1.0 Dodging
 + Level 4.4 Shields


You had 6 spell levels left.
You didn't know any spells.
Your spell library was empty.

Dungeon Overview and Level Annotations

Branches:
Dungeon (4/15)
 Temple: D:4-7

Altars:
Ashenzari
Dithmenos

Shops:
D:4 *


Message History

The ogre is moderately wounded.
You block the ogre's attack.
You hit the ogre.
The ogre is moderately wounded.
The ogre hits you with a +0 giant club!
You completely miss the ogre.
The ogre is moderately wounded.
You block the ogre's attack.
You hit the ogre.
The ogre is heavily wounded.
The ogre hits you with a +0 giant club.
* * * LOW HITPOINT WARNING * * *
You hit the ogre.
The ogre is heavily wounded.
The ogre hits you with a +0 giant club!
* * * LOW HITPOINT WARNING * * *
You slash the ogre!
The ogre is almost dead.
The ogre hits you with a +0 giant club!
You die...

#.........##
#.#...###.##
#....>.....
#.##.#.#..#
.......?.
#.##.##.#.# ..<....
#.##.##.#.# .....
#.##....#.# ...
#.####.)#.# #.# #.#
#o)..# #.########.#
#o#..#
#...O@...#.####.#..#
########.#......<..#
######.#.##
####.#.####
#.....o..o.
#.##.#.#### #.##.#.#
. #.#.# . .....


You could see an ogre.

Vanquished Creatures
  A bullfrog (D:4)
  A hound (D:4)
  2 orc priests
  3 orc wizards
  3 worker ants
  6 gnolls
  5 adders
  3 worms
  5 dart slugs
  4 leopard geckos
  7 orcs
  8 giant cockroaches
  12 goblins
  12 hobgoblins
  A quokka (D:4)
  3 bats
  7 frilled lizards
  11 kobolds
  A quokka skeleton (D:3)
  4 rats
99 creatures vanquished.

Notes
Turn   | Place    | Note
-------+----------+-------------------------------------------
     0 | D:1      | Revguard the Human Fighter began the quest for the Orb.
     0 | D:1      | Reached XP level 1. HP: 18/18 MP: 1/1
   154 | D:1      | Reached XP level 2. HP: 17/24 MP: 2/2
   523 | D:1      | Reached XP level 3. HP: 27/29 MP: 3/3
  1024 | D:2      | Found a faded altar of an unknown god.
  1327 | D:2      | Reached XP level 4. HP: 32/35 MP: 4/4
  2424 | D:2      | Reached XP level 5. HP: 29/41 MP: 5/5
  3034 | D:3      | Found a shattered altar of Ashenzari.
  3645 | D:3      | Reached XP level 6. HP: 24/47 MP: 6/6
  4094 | D:3      | Found a shadowy altar of Dithmenos.
  4979 | D:4      | Found Wotorujo's Assorted Antiques.
  4994 | D:4      | Reached XP level 7. HP: 13/53 MP: 7/7
  5158 | D:4      | Reached skill level 1 in Dodging
  5331 | D:4      | Slain by an ogre

Illustrated notes

Levels and vault maps discovered:
D:1:      roderic_octagonal_star, layout_loops_ring
D:2:      layout_basic, chequers_ecumenical_altar_twisty, corner_web_ring,
          corexii_leaking_fountain
D:3:      layout_basic, lemuel_crystal_altar, cheibrodos_ashenzari_chains,
          minmay_increasing_density
D:4:      cheibrodos_pilgrimage, layout_loops_ring, makhleb_heckhound_becter,
          temple_hall, gup_sewer_entry_bowl, first_ration, serial_shops,
          kennysheep_mini_moat

Skill      XL: |  1  2  3  4  5  6  7 |
---------------+----------------------+-----
Long Blades    | 3 4 |  4.9
Armour         | 4 |  4.6
Shields        | 4 |  4.4
Dodging        | 1 |  1.0
Fighting       | 4 |  4.0
Throwing       | |  0.5

Action                   |  1- 3 |  4- 6 |  7- 9 || total
-------------------------+-------+-------+-------++-------
Melee: Long sword        |    96 |   258 |    99 ||   453
Throw: Javelin           |       |     9 |       ||     9
  Use: Potion            |     2 |     4 |     1 ||     7
       Scroll            |       |     6 |       ||     6
  Eat: Chunk             |     1 |     6 |     1 ||     8
       Ration            |       |     2 |       ||     2
Armor: Scale mail        |    52 |       |       ||    52
       Chain mail        |    13 |   179 |    57 ||   249
Dodge: Dodged            |    23 |    64 |    17 ||   104
Block: Kite shield       |    57 |   153 |    51 ||   261
       Rpst.: Long sword |     5 |    19 |     2 ||    26
